[Event "ICC tourney 1969 (45 10)"]
[Site "Internet Chess Club"]
[Date "2020.08.23"]
[Round "8"]
[White "slolla"]
[Black "jy2020"]
[Result "0-1"]
[ICCResult "White resigns"]
[WhiteElo "1815"]
[BlackElo "2244"]
[Opening "Nimzo-Indian: 4.e3 O-O, 5.Bd3"]
[ECO "E47"]
[NIC "NI.07"]
[Time "18:31:27"]
[TimeControl "2700+10"]

1. d4 Nf6 2. c4 e6 3. Nc3 Bb4 4. e3 O-O 5. Bd3 c5 6. Nf3 Bxc3+ 7. bxc3 d6 8.
O-O Nc6 9. e4 e5 10. d5 Ne7 11. Ne1 Ng6 12. g3 Re8 13. Qe2 Qe7 14. Ng2 h6
15. Bd2 Bh3 16. Rae1 Nd7 17. Qh5 Bxg2 18. Kxg2 Nf6 19. Qe2 Nd7 20. Kh1 Qf8
21. Qh5 Nf6 22. Qh3 Re7 23. f4 exf4 24. gxf4 Rae8 25. Qf5 Nh4 26. Qh3 Ng6
27. Qf3 Nh4 28. Qe3 Nxe4 29. Bxe4 Rxe4 30. Qxe4 Rxe4 31. Rxe4 g6 32. Rfe1
Qg7 33. R1e3 Qf6 34. Kg1 Nf5 35. Re2 Qh4 36. Be1 Qg4+ 37. Kf1 Qf3+ 38. Kg1
Kg7 39. a4 b6 40. Bd2 Qd3 41. Kf2 Qc2 42. Re8 Qxa4 43. R2e4 Qc2 44. Ke2 a5
45. Ra8 Qxe4+ {White resigns} 0-1

[Event "ICC tourney 1969 (45 10)"]
[Site "Internet Chess Club"]
[Date "2020.08.23"]
[Round "8"]
[White "adelie"]
[Black "investigator"]
[Result "0-1"]
[ICCResult "White resigns"]
[WhiteElo "1929"]
[BlackElo "2103"]
[Opening "King's Indian: fianchetto, Uhlmann (Szabo) variation"]
[ECO "E62"]
[NIC "KI.72"]
[Time "18:31:48"]
[TimeControl "2700+10"]

1. Nf3 Nf6 2. c4 g6 3. g3 Bg7 4. Bg2 O-O 5. O-O d6 6. d4 Nc6 7. Nc3 e5 8. e4
Bg4 9. d5 Nd4 10. h3 Nxf3+ 11. Bxf3 Bxh3 12. Bg2 Bg4 13. f3 Bd7 14. Kf2 Nh5
15. Rh1 f5 16. Bh3 f4 17. g4 Qh4+ 18. Kg1 Ng3 19. Rh2 h5 20. Ne2 Nxe2+ 21.
Qxe2 Qg3+ 22. Qg2 hxg4 23. Bxg4 Bxg4 24. fxg4 Qe1+ 25. Qf1 Qxe4 26. Bd2 Kf7
27. Re1 Qd4+ 28. Be3 Qe4 29. Bc5 Qxe1 30. Qxe1 dxc5 31. Qa5 b6 32. Qb5 Rae8
33. Qc6 e4 34. Rh7 Kg8 35. Qxg6 Re7 36. g5 Rff7 37. Rh4 e3 38. Kf1 f3 39.
Re4 e2+ 40. Kf2 Rxe4 41. Qxe4 Bd4+ 42. Kg3 f2 {White resigns} 0-1

[Event "ICC tourney 1969 (45 10)"]
[Site "Internet Chess Club"]
[Date "2020.08.23"]
[Round "8"]
[White "arodmed30"]
[Black "NeevG"]
[Result "1-0"]
[ICCResult "Black resigns"]
[WhiteElo "1618"]
[BlackElo "1183"]
[Opening "Giuoco Piano"]
[ECO "C53"]
[NIC "IG.02"]
[Time "18:31:39"]
[TimeControl "2700+10"]

1. e4 e5 2. Nf3 Nc6 3. Bc4 Bc5 4. c3 d6 5. Bb3 Be6 6. Bc2 Bg4 7. O-O Nf6 8.
d3 h6 9. Nbd2 O-O 10. Re1 Nh7 11. Nf1 Kh8 12. h3 Bh5 13. Ng3 Bg6 14. d4 exd4
15. cxd4 Bb6 16. a3 a5 17. Qd3 d5 18. Be3 Re8 19. Qc3 dxe4 20. Ne5 Bxd4 21.
Nxg6+ fxg6 22. Bxd4 Qxd4 23. Rxe4 Qxc3 24. bxc3 g5 25. Rb1 b6 26. Rbe1 Rf8
27. Ba4 Na7 28. Re7 b5 29. Bc2 Nf6 30. Rxc7 Rfe8 31. Rxe8+ Nxe8 32. Re7 Nf6
33. Nf5 Nc6 34. Rxg7 Ne5 35. Rb7 Nc4 36. Nxh6 Nxa3 37. Bg6 Nc4 38. Rxb5 Kg7
39. Bd3 Kxh6 40. Bxc4 a4 41. Rb6 Kg7 42. Rb7+ Kh6 43. Rb6 Kg7 44. Be6 a3 45.
Ba2 Ra7 46. Kh2 Ne4 47. Rb3 Nxf2 48. Kg3 Nd3 49. Rb1 Nc5 50. Kf3 Kf6 51. Ke3
Ke5 52. Rb5 Kd6 53. Kd4 Ra4+ 54. c4 Ne6+ 55. Kc3 Nc5 56. Rb1 Ne4+ 57. Kd4
Nc5 58. Rb6+ Kc7 59. Kxc5 Ra5+ 60. Rb5 Ra6 61. Kb4 Kd6 62. Rxg5 {Black
resigns} 1-0

[Event "ICC tourney 1969 (45 10)"]
[Site "Internet Chess Club"]
[Date "2020.08.23"]
[Round "8"]
[White "town"]
[Black "lemonoosa"]
[Result "1-0"]
[ICCResult "Black resigns"]
[WhiteElo "2139"]
[BlackElo "2040"]
[Opening "Caro-Kann: classical, Spassky variation"]
[ECO "B19"]
[NIC "CK.12"]
[Time "18:31:18"]
[TimeControl "2700+10"]

1. e4 c6 2. d4 d5 3. Nc3 dxe4 4. Nxe4 Bf5 5. Ng3 Bg6 6. h4 h6 7. Nf3 Nd7 8.
h5 Bh7 9. Bd3 Bxd3 10. Qxd3 e6 11. Bd2 Ngf6 12. O-O-O Be7 13. Kb1 O-O 14.
Ne4 Nxe4 15. Qxe4 Nf6 16. Qe2 Qd5 17. Be3 b5 18. Ne5 c5 19. Qxb5 Rab8 20.
Nc6 Bd6 21. Nxb8 Rxb8 22. Qe2 c4 23. c3 Ba3 24. Bc1 Ne4 25. Ka1 Qb7 26. Qc2
Bd6 27. g4 a5 28. Be3 a4 29. Rhg1 a3 30. Rb1 Ra8 31. b3 cxb3 32. Rxb3 Qc6
33. Rgb1 Nf6 34. Rb6 Qc7 35. Rb7 Qc4 36. f3 Nd5 37. Bf2 Qxc3+ 38. Qxc3 Nxc3
39. Rc1 Nd5 40. Kb1 Nb4 41. Be3 Nd5 42. Bd2 Ra4 43. Rd7 Rxd4 44. Bc3 Rc4 45.
Be1 Rxc1+ 46. Kxc1 Bf4+ 47. Kc2 Be5 48. Kb3 Bb2 49. Bf2 g6 50. hxg6 fxg6 51.
Bc5 h5 52. gxh5 gxh5 53. Bf2 Nf4 54. Bd4 Bc1 55. Rg7+ Kf8 56. Rh7 Kg8 57.
Rh8+ Kf7 58. Be5 Kg6 59. Rc8 Nd3 60. Bd6 Bd2 61. Bxa3 Ne5 62. Kc2 Be1 63.
Kd1 Ba5 64. Ke2 Bb6 65. Bb2 Nd7 66. Rc6 Kf7 67. Rd6 Ke7 68. Ba3 Bc7 69. Rd5+
{Black resigns}
1-0

[Event "ICC tourney 1969 (45 10)"]
[Site "Internet Chess Club"]
[Date "2020.08.23"]
[Round "8"]
[White "Priccchess"]
[Black "riachuvspikachu"]
[Result "1-0"]
[ICCResult "Black checkmated"]
[WhiteElo "1784"]
[BlackElo "1593"]
[Opening "Sicilian"]
[ECO "B56"]
[NIC "SI.25"]
[Time "18:31:41"]
[TimeControl "2700+10"]

1. e4 c5 2. Nf3 d6 3. d4 cxd4 4. Nxd4 Nf6 5. Nc3 Nc6 6. Nxc6 bxc6 7. Bd3 e6
8. O-O Be7 9. h3 O-O 10. Bf4 d5 11. exd5 cxd5 12. Nb5 a6 13. Nd4 Bd7 14. Nb3
Qb6 15. Qe2 Rfc8 16. Be3 Qb7 17. Bf4 Qb6 18. Be5 Ba4 19. Bd4 Qb7 20. Rac1
Bb5 21. Bxb5 axb5 22. a3 b4 23. axb4 Qxb4 24. Ra1 Ne4 25. f3 Ng3 26. Qf2
Nxf1 27. Rxf1 Qc4 28. Qg3 f6 29. Qg4 Qc6 30. f4 Kh8 31. Bc3 Bc5+ 32. Kh1 Qb6
33. Rd1 Ra4 34. Rxd5 Qc6 35. Rxc5 Qd7 36. Kh2 Rc4 37. Rxc8+ Rxc8 38. Qf3 Qd5
39. Qxd5 e5 40. fxe5 fxe5 41. Qxe5 Rg8 42. Nc5 h6 43. Qf5 Rd8 44. Qg6 Rf8
45. Qxg7# {Black checkmated} 1-0

[Event "ICC tourney 1969 (45 10)"]
[Site "Internet Chess Club"]
[Date "2020.08.23"]
[Round "8"]
[White "sushmadasari"]
[Black "Rohanius"]
[Result "1-0"]
[ICCResult "Black resigns"]
[WhiteElo "1544"]
[BlackElo "1619"]
[Opening "Sicilian: dragon, classical, 8.O-O"]
[ECO "B73"]
[NIC "SI.33"]
[Time "18:31:28"]
[TimeControl "2700+10"]

1. e4 c5 2. Nf3 Nc6 3. d4 cxd4 4. Nxd4 g6 5. Nc3 Bg7 6. Be3 Nf6 7. Be2 d6 8.
O-O O-O 9. Kh1 Bd7 10. f4 Qb6 11. Nxc6 Qxc6 12. Bf3 Qc8 13. h3 Bc6 14. Qd2
Nd7 15. Rad1 Nc5 16. Bd4 f6 17. Rfe1 Rd8 18. Nd5 Kf7 19. Qe3 b6 20. e5 e6
21. Nxf6 Bxf3 22. Qxf3 d5 23. Nxh7 Rh8 24. Ng5+ Kg8 25. c3 Qd7 26. b4 Nb7
27. Qg3 Qe8 28. Rf1 Nd8 29. Qg4 Rc8 30. Rf3 Rc6 31. Rg3 Rh6 32. h4 Nf7 33.
Kg1 a5 34. b5 Nxg5 35. hxg5 Rh5 36. bxc6 Qxc6 37. Rh3 Rxh3 38. Qxh3 b5 39.
a3 b4 40. cxb4 axb4 41. axb4 Bf8 42. Qa3 Qc4 43. Qc3 Qe2 44. Re1 Qg4 45. Qf3
Qf5 46. Bc5 Bg7 47. b5 Qc2 48. Bd6 Qd2 49. Rd1 Qb4 {Black resigns} 1-0

[Event "ICC tourney 1969 (45 10)"]
[Site "Internet Chess Club"]
[Date "2020.08.23"]
[Round "8"]
[White "AdityaShiv"]
[Black "vishalanil"]
[Result "0-1"]
[ICCResult "White resigns"]
[WhiteElo "1944"]
[BlackElo "1899"]
[Opening "Scotch: Schmidt variation"]
[ECO "C45"]
[NIC "SO.03"]
[Time "18:31:25"]
[TimeControl "2700+10"]

1. e4 e5 2. Nf3 Nc6 3. d4 exd4 4. Nxd4 Nf6 5. Nc3 Bb4 6. Nxc6 bxc6 7. Bd3 d5
8. exd5 cxd5 9. O-O O-O 10. Bg5 c6 11. Qf3 Be7 12. Rfe1 h6 13. Bh4 Bg4 14.
Qg3 g5 15. Qe3 d4 16. Qxe7 Qxe7 17. Rxe7 dxc3 18. Bg3 cxb2 19. Rb1 Nd5 20.
Rb7 Rfe8 21. R7xb2 Nc3 22. Rf1 Ne2+ 23. Bxe2 Rxe2 24. f4 gxf4 25. Rxf4 Be6
26. Kf1 Rd2 27. Ra4 Bd5 28. Rg4+ Kh7 29. Bf4 Rd4 30. Rh4 Bc4+ 31. Kf2 Re8
32. Rxh6+ Kg7 33. Be3 Rd1 34. Bg5 Rf1+ 35. Kg3 Re2 36. Rxc6 Bd5 37. Rc3
Rxg2+ 38. Kh4 f6 39. Rc7+ Kg6 40. Kh3 Rxg5 41. Rxa7 Rfg1 42. Rb4 Bg2+ 43.
Kh4 Be4 {White resigns} 0-1

[Event "ICC tourney 1969 (45 10)"]
[Site "Internet Chess Club"]
[Date "2020.08.23"]
[Round "8"]
[White "HarleyQueen8"]
[Black "chessforme17"]
[Result "0-1"]
[ICCResult "White checkmated"]
[WhiteElo "1717"]
[BlackElo "1983"]
[Opening "Grünfeld: exchange, classical variation"]
[ECO "D87"]
[NIC "GI.05"]
[Time "18:31:24"]
[TimeControl "2700+10"]

1. d4 Nf6 2. c4 g6 3. Nc3 d5 4. cxd5 Nxd5 5. e4 Nxc3 6. bxc3 Bg7 7. Bc4 c5
8. Ne2 Nc6 9. Be3 O-O 10. O-O b6 11. Qd2 Bb7 12. Rfd1 cxd4 13. cxd4 e6 14.
Rac1 Na5 15. Bd3 Qd7 16. f3 Rfd8 17. Kh1 Bc6 18. Bc2 Nc4 19. Qc3 Bb5 20. Bf4
Rac8 21. Qe1 Nb2 22. Rd2 Nc4 23. Rdd1 Qe7 24. Bd3 g5 25. Bxc4 Bxc4 26. Be3
Bxa2 27. Qd2 Bb3 28. Rxc8 Rxc8 29. Rc1 Qd7 30. Bxg5 Rxc1+ 31. Nxc1 Bc4 32.
Be3 b5 33. h3 Qb7 34. Qa5 Qb8 35. Qb4 Qb6 36. Qe7 Qb8 37. Qb4 h6 38. Qd2 Qd8
39. e5 a5 40. Bxh6 b4 41. Bg5 Qe8 42. Qb2 Qb8 43. Bd2 Qb5 44. h4 b3 45. Bc3
a4 46. Qa3 Bf8 47. Qb2 a3 48. Qd2 b2 49. Qg5+ Bg7 50. h5 b1=Q 51. h6 Qg6 52.
Qd8+ Kh7 53. hxg7 Qxg7 54. Kg1 Qd5 55. Qh4+ Kg8 56. Qe7 Qa8 57. Ba1 Bd5 58.
Qf6 Qxf6 59. exf6 Qc6 60. Ne2 Qc2 61. Kf2 Bc4 62. Kg3 Qxe2 63. d5 Bxd5 64.
Kh3 Kh7 65. Kg3 Kg6 66. Kh3 Kh5 67. Kg3 Qe1+ 68. Kf4 Qxa1 69. g4+ Kh4 70.
Ke3 Kg3 71. g5 Qc3+ 72. Ke2 Bxf3+ 73. Kf1 Qc1# {White checkmated} 0-1

[Event "ICC tourney 1969 (45 10)"]
[Site "Internet Chess Club"]
[Date "2020.08.23"]
[Round "8"]
[White "davika21"]
[Black "serafindelapaz"]
[Result "1-0"]
[ICCResult "Black resigns"]
[WhiteElo "1907"]
[BlackElo "1697"]
[Opening "Petrov: classical attack"]
[ECO "C42"]
[NIC "RG.06"]
[Time "18:31:26"]
[TimeControl "2700+10"]

1. e4 e5 2. Nf3 Nf6 3. Nxe5 d6 4. Nf3 Nxe4 5. d4 d5 6. Bd3 Nc6 7. O-O Be7 8.
c3 O-O 9. Nbd2 Bf5 10. Qc2 Nxd2 11. Bxd2 Bxd3 12. Qxd3 h6 13. Rfe1 Bd6 14.
Ne5 Bxe5 15. dxe5 Re8 16. Qg3 Re6 17. f4 Qe7 18. Rf1 Kh8 19. f5 Rxe5 20. f6
Qc5+ 21. Kh1 g5 22. h4 d4 23. hxg5 Rg8 24. Qh3 Rgxg5 25. Bxg5 Rxg5 26. cxd4
Nxd4 27. Rac1 Qd5 28. Rf4 Ne2 29. Re1 Rh5 30. Rh4 Nf4 31. Rxh5 Nxh5 32. Qf3
Qg5 33. Re8+ Kh7 34. Qd3+ Qg6 35. Qxg6+ Kxg6 36. Re7 Kxf6 37. Rxc7 Ng3+ 38.
Kg1 Ne2+ 39. Kf2 {Black resigns} 1-0

[Event "ICC tourney 1969 (45 10)"]
[Site "Internet Chess Club"]
[Date "2020.08.23"]
[Round "8"]
[White "binomialfactor"]
[Black "sathviks"]
[Result "0-1"]
[ICCResult "White resigns"]
[WhiteElo "2172"]
[BlackElo "2213"]
[Opening "King's Indian: 5.Nf3"]
[ECO "E90"]
[NIC "KI.22"]
[Time "18:31:57"]
[TimeControl "2700+10"]

1. d4 Nf6 2. c4 g6 3. Nc3 Bg7 4. e4 d6 5. Nf3 Nc6 6. d5 Nb8 7. Be2 O-O 8.
O-O e6 9. Bg5 h6 10. Bh4 g5 11. Bg3 Nh5 12. Nd2 Nxg3 13. hxg3 Nd7 14. Rc1 a5
15. b3 Nc5 16. a3 exd5 17. exd5 Bf5 18. Nf3 a4 19. bxa4 Qd7 20. Ne1 Nxa4 21.
Nxa4 Qxa4 22. Bd3 Bxd3 23. Nxd3 Qxd1 24. Rfxd1 b6 25. Nb4 Rxa3 26. Nc6 Rfa8
27. Re1 Bf6 28. Re4 Ra1 29. Rxa1 Rxa1+ 30. Kh2 Ra4 31. g4 Kg7 32. f3 Kg6 33.
Kg3 Be5+ 34. Kf2 Kf6 35. Kf1 Bg3 36. Ke2 Ra2+ 37. Kd3 Rxg2 38. Re7 Bf4 39.
Rxc7 Rd2+ 40. Ke4 Re2+ 41. Kd4 Re3 42. Nd8 Rxf3 43. Rxf7+ Kg6 44. Rb7 Rg3
45. Ke4 Rxg4 46. Rxb6 Be5+ 47. Kf3 Rxc4 48. Nb7 Rf4+ 49. Kg2 Rf6 50. Na5 Kf5
51. Rb4 Bf4 52. Nc6 Kg4 53. Nd4 h5 54. Rb3 h4 55. Ra3 Bg3 56. Ra1 Rf2+ 57.
Kg1 Rd2 58. Ne6 Rxd5 59. Ra4+ Kh3 60. Nd4 g4 61. Kh1 Be5 62. Ra2 Rxd4 63.
Rh2+ Kg3 64. Rg2+ Kf3 65. Rf2+ Ke3 66. Rf1 Bg3 67. Ra1 Ke2 68. Ra2+ Rd2 69.
Ra4 h3 70. Re4+ Kf3 {White resigns} 0-1

[Event "ICC tourney 1969 (45 10)"]
[Site "Internet Chess Club"]
[Date "2020.08.23"]
[Round "8"]
[White "ramennoodle"]
[Black "dopolian"]
[Result "1-0"]
[ICCResult "Black resigns"]
[WhiteElo "1944"]
[BlackElo "2329"]
[Opening "Ruy Lopez: open (Tarrasch) defense"]
[ECO "C80"]
[NIC "RL.27"]
[Time "18:31:40"]
[TimeControl "2700+10"]

1. e4 e5 2. Nf3 Nc6 3. Bb5 a6 4. Ba4 Nf6 5. O-O Nxe4 6. Re1 Nc5 7. Bxc6 dxc6
8. Nxe5 Be7 9. d4 Ne6 10. Be3 O-O 11. Nc3 f6 12. Nd3 Re8 13. Ne2 g6 14. c3
Ng7 15. Ng3 Nf5 16. Nxf5 Bxf5 17. Nf4 Qd7 18. Qb3+ Kg7 19. Rad1 b6 20. d5 c5
21. Ne6+ Kh8 22. Bh6 Rg8 23. h4 Bd6 24. c4 Rae8 25. Qf3 Qf7 26. Qe2 Be5 27.
f4 Bd4+ 28. Kh2 Qd7 29. g4 Bxe6 30. dxe6 Qd6 31. Qe4 Re7 32. Qd5 Qxd5 33.
cxd5 Rd8 34. d6 cxd6 35. Re2 d5 36. Kg3 f5 37. Bg5 Rde8 38. Bxe7 Rxe7 39.
gxf5 gxf5 40. Kf3 Kg7 41. a3 Kf6 42. Rde1 b5 43. h5 a5 44. Kg3 Rg7+ 45. Kf3
Ke7 46. b4 Bc3 47. Rd1 d4 48. bxc5 Rg8 49. Re5 b4 50. axb4 axb4 51. c6 b3
52. Rb5 b2 53. c7 Rc8 54. Rxf5 Kxe6 55. Rc5 Kd6 56. Rxc3 b1=Q 57. Rc6+ Kxc6
58. Rxb1 Rxc7 59. Rc1+ Kd6 60. Rxc7 Kxc7 61. Ke4 d3 62. Kxd3 Kd7 63. Ke4 Ke6
64. f5+ Kf6 65. Kf4 Kf7 66. Ke5 Ke7 67. f6+ Kf7 68. Kf5 Kf8 69. Ke6 Ke8 70.
f7+ {Black resigns} 1-0

[Event "ICC tourney 1969 (45 10)"]
[Site "Internet Chess Club"]
[Date "2020.08.23"]
[Round "8"]
[White "RagingKnightNC"]
[Black "imranchamp"]
[Result "1-0"]
[ICCResult "Black checkmated"]
[WhiteElo "2077"]
[BlackElo "1661"]
[Opening "Sicilian: Pelikan (Lasker/Sveshnikov) variation"]
[ECO "B33"]
[NIC "SI.36"]
[Time "18:31:28"]
[TimeControl "2700+10"]

1. e4 c5 2. Nf3 Nc6 3. d4 cxd4 4. Nxd4 Nf6 5. Nc3 e5 6. Ndb5 d6 7. Bg5 a6 8.
Bxf6 gxf6 9. Na3 b5 10. Nd5 Bg7 11. Qd2 f5 12. c4 Nd4 13. cxb5 fxe4 14. bxa6
O-O 15. Bc4 Bxa6 16. O-O Bb7 17. Nc2 Rc8 18. Nxd4 exd4 19. b3 Rc5 20. Nb4
Rg5 21. f3 exf3 22. g3 d3 23. Rad1 Bd4+ 24. Rf2 Re5 25. Bxd3 Be3 26. Qb2 Qb6
27. a3 Rfe8 28. Kf1 Bxf2 29. Qxf2 Qxf2+ 30. Kxf2 Rh5 31. h4 Rhe5 32. Bc4 d5
33. Nxd5 Kg7 34. Nf4 R8e7 35. Rd6 Re3 36. Nd5 Re2+ 37. Bxe2 Rxe2+ 38. Kxf3
Re5 39. Rd7 Bxd5+ 40. Kf4 Kf6 41. Rd6+ Be6 42. b4 Rf5+ 43. Ke4 Rf1 44. a4
Ke7 45. Rb6 Kd7 46. a5 Kc7 47. b5 Ra1 48. Rc6+ Kb7 49. a6+ Ka7 50. Kd4 Rd1+
51. Kc5 Rd5+ 52. Kb4 Bd7 53. Rc7+ Kb8 54. Rb7+ Ka8 55. Kc4 Be6 56. Kb4 Rd3
57. Re7 Rxg3 58. Kc5 Rc3+ 59. Kb6 Rc8 60. Ka5 Rd8 61. b6 Rd5+ 62. Kb4 Rd8
63. Kc5 Rc8+ 64. Kd6 Rb8 65. Ra7# {Black checkmated} 1-0